 Dungeon Crawl Stone Soup version 0.25-a0-1136-gc1285e62ab (webtiles) character file.

Game seed: 8318539982571547294, levelgen mode: deterministic

23 Nixze the Slasher (level 2, -3/23 HPs)
             Began as a Demonspawn Gladiator on May 23, 2020.
             Slain by a hobgoblin
             ... wielding a +0 club
              (4 damage)
             ... on level 1 of the Dungeon.
             The game lasted 00:00:59 (587 turns).

Nixze the Slasher (Demonspawn Gladiator)             Turns: 587, Time: 00:00:59

Health: -3/23      AC:  4    Str: 14    XL:     2   Next: 72%
Magic:  2/2        EV: 17    Int:  9    God:
Gold:   14         SH:  0    Dex: 14    Spells: 1/1 levels left

rFire    . . .     SeeInvis .   a - +0 long sword
rCold    . . .     Gourm    .   (no shield)
rNeg     . . .     Faith    .   b - +0 leather armour
rPois    .         Spirit   .   c - +0 helmet
rElec    .         Reflect  .   (no cloak)
rCorr    .         Harm     .   (no gloves)
MR       .....                  (no boots)
Stlth    +.........             (no amulet)
HPRegen  0.07/turn              (no ring)
MPRegen  0.08/turn              (no ring)

@: agile
A: powered by pain 1
a: no special abilities


You were on level 1 of the Dungeon.
You were not hungry.

You visited 1 branch of the dungeon, and saw 1 of its levels.

You collected 14 gold pieces.

Inventory:

Hand Weapons
 a - a +0 long sword (weapon)
Missiles
 d - 3 throwing nets (quivered)
Armour
 b - a +0 leather armour (worn)
 c - a +0 helmet (worn)
Jewellery
 j - an uncursed ring of stealth {unknown}
Scrolls
 e - a scroll of amnesia {unknown}
 h - 3 scrolls of identify {unknown}
Potions
 g - a potion of heal wounds {unknown}
Comestibles
 f - 3 rations
 i - 4 chunks of flesh


   Skills:
 + Level 2.4 Fighting
 + Level 3.0 Long Blades
 - Level 1.7 Throwing
 + Level 1.1 Armour
 - Level 2.6 Dodging


You had one spell level left.
You didn't know any spells.
Your spell library was empty.

Dungeon Overview and Level Annotations

Branches:
Dungeon (1/15)

Altars:


Innate Abilities, Weirdness & Mutations

You sometimes gain a little power by taking damage.


Message History

You kill the jackal!
You hit something. Something hits you but does no damage.
You miss something. Something hits you but does no damage.
You miss something.
Something hits you but does no damage. x2
You barely miss something. Something hits you.
You miss something. Something hits you.
You closely miss something. Something hits you!
You focus on the pain.
You feel agile all of a sudden.
You closely miss something. Something hits you.
You closely miss something. Something hits you.
Your leather armour prevents you from hitting something.
Something hits you.
You hit something but do no damage. Something hits you but does no damage.
Something hits you.
* * * LOW HITPOINT WARNING * * *
You hit something but do no damage. Something hits you but does no damage.
You closely miss something. Something hits you.
* * * LOW HITPOINT WARNING * * *
You hit something but do no damage. Something hits you.
You die...

#....####..
#..§≈..
#..........
#..≈§.#
###'#####..
#..≈≈.# #.....#
#..§≈.# #.....#
#...≈.. #.....#
##..§§§ #.....#
#...≈≈ ###'###
##...§ #@# ##...
#{#####... ###.
#g........ ##
#.%...†.####.#..
.### #.......#
..... #........
#..## #........
#........#
#........#


You could see a hobgoblin.

Vanquished Creatures
  A dart slug (D:1)
  A leopard gecko (D:1)
  5 goblins (D:1)
  2 hobgoblins (D:1)
  3 jackals (D:1)
  2 kobolds (D:1)
  A frilled lizard (D:1)
  2 rats (D:1)
17 creatures vanquished.

Notes
Turn   | Place    | Note
-------+----------+-------------------------------------------
     0 | D:1      | Nixze the Demonspawn Gladiator began the quest for the Orb.
     0 | D:1      | Reached XP level 1. HP: 16/16 MP: 1/1
   130 | D:1      | Gained mutation: You sometimes gain a little power by
                  | taking damage. [demonic ancestry]
   130 | D:1      | Reached XP level 2. HP: 20/22 MP: 2/2
   374 | D:1      | Reached skill level 3 in Long Blades
   395 | D:1      | Reached skill level 1 in Armour
   586 | D:1      | HP: 1/23 [something (4)]
   587 | D:1      | Slain by a hobgoblin

Illustrated notes

Levels and vault maps discovered:
D:1:      dpeg_arrival_concentric_ovals, layout_basic,
          chequers_serial_rivers_micro_c, minmay_misc_feat_roman,
          minmay_tetromino_o2

Skill      XL: |  1  2 |
---------------+-------+-----
Long Blades    | 3 |  3.0
Armour         | 1 |  1.1
Fighting       | |  2.4
Throwing       | |  1.7
Dodging        | |  2.6

Action                   || total
-------------------------++-------
Melee: Long sword        ||    58
Armor: Leather armour    ||    13
Dodge: Dodged            ||    26
       Rpst.: Long sword ||     9

Table legend:
 A = Non-vault XP
 B = Vault XP
 C = Vault XP percentage of total XP
 D = Non-vault monster count
 E = Vault monster count
 F = Vault count percentage of total count
                 A         B        C        D         E       F
            +---------+---------+-------+---------+---------+-------
      Total |      33 |       0 |   0.0 |      17 |       0 |   0.0
            +---------+---------+-------+---------+---------+-------
        D:1 |      33 |       0 |   0.0 |      17 |       0 |   0.0
            +---------+---------+-------+---------+---------+-------
